 Dungeon Crawl Stone Soup version 0.27-a0-679-g77a6b55cf3 (webtiles) character file.

Game seed: 17564552938700360378

343 Allula97 the Twirler (level 6, -3/46 HPs)
             Began as a Demonspawn Gladiator on Mar 19, 2021.
             Slain by a centaur (4 damage)
             ... on level 7 of the Dungeon.
             The game lasted 00:09:26 (3537 turns).

Allula97 the Twirler (Demonspawn Gladiator)         Turns: 3537, Time: 00:09:27

Health: -3/46      AC:  8    Str: 16    XL:     6   Next: 31%
Magic:  8/8        EV: 12    Int:  9    God:
Gold:   119        SH:  0    Dex: 15    Spells: 4/8 levels left

rFire    . . .     SeeInvis .   a - +0 quarterstaff
rCold    . . .     Faith    .   (shield currently unavailable)
rNeg     + . .     Spirit   .   l - +0 ring mail
rPois    .         Reflect  .   (helmet restricted)
rElec    .         Harm     .   p - +0 cloak
rCorr    .         Rampage  .   s - +0 pair of gloves
Will     .....                  h - +0 pair of boots
Stlth    +.........             i - amulet of magic regeneration
HPRegen  0.15/turn              f - ring of positive energy
MPRegen  0.47/turn              (no ring)

@: no status effects
A: antennae 1, magic regeneration
a: no special abilities


You were on level 7 of the Dungeon.
You visited 1 branch of the dungeon, and saw 5 of its levels.

You collected 119 gold pieces.

Inventory:

Hand Weapons
 a - a +0 quarterstaff (weapon)
Armour
 b - a +0 leather armour
 h - a +0 pair of boots (worn)
 l - a +0 ring mail (worn)
 p - a +0 cloak (worn)
 s - a +0 pair of gloves (worn)
Jewellery
 f - a ring of positive energy (right hand)
 g - a ring of fire
 i - an amulet of magic regeneration (around neck)
Scrolls
 c - a scroll of teleportation {unknown}
 j - a scroll of torment {unknown}
 k - 2 scrolls of identify {unknown}
 m - a scroll of amnesia {unknown}
 n - 3 scrolls of enchant weapon {unknown}
 o - a scroll of random uselessness {unknown}
 r - a scroll of immolation {unknown}
Potions
 q - a potion of curing
 t - a potion of lignification {unknown}


   Skills:
 * Level 2.9 Fighting
 * Level 4.4 Staves
 - Level 1.7 Throwing
 * Level 1.9 Armour
 * Level 3.4 Dodging
 * Level 1.4 Stealth
 * Level 1.5 Spellcasting
 * Level 1.2 Necromancy


You had 4 spell levels left.
You knew the following spells:

 Your Spells              Type           Power      Damage    Failure   Level
a - Animate Skeleton      Necr           4%         N/A       38%         1
b - Vampiric Draining     Necr           1%         2d6       77%         3

Your spell library contained the following spells:

 Spells                   Type           Power      Damage    Failure   Level
 Pain                     Necr           8%         1d4       38%         1
 Animate Dead             Necr           1%         N/A       99%         4
 Agony                    Necr           2%         N/A       100%        5


Dungeon Overview and Level Annotations

Branches:
Dungeon (4/15)
 Temple: D:4-7

Altars:
Sif Muna
Uskayaw


Innate Abilities, Weirdness & Mutations

You have a pair of small antennae on your head.
You regenerate magic rapidly.


Message History

You hit the centaur.
The centaur is heavily wounded.
The centaur hits you.
* * * LOW HITPOINT WARNING * * *
Throw: throwing net
Press: ? - help, Q - select action, (/) - cycle Shift-Dir - straight line, f/p - centaur
Aim: a centaur, quivering arrows (heavily wounded, 70% to hit)
You throw a throwing net. The throwing net hits the centaur.
The centaur is caught in the net!
The centaur is heavily wounded.
The centaur struggles against the net. x2
You hit the centaur but do no damage.
The centaur is heavily wounded.
The centaur struggles against the net.
You hit the centaur but do no damage.
The centaur is heavily wounded.
The centaur struggles against the net.
The net rips apart, and the centaur comes free!
The centaur hits you.
* * * LOW HITPOINT WARNING * * *
You completely miss the centaur.
The centaur is heavily wounded.
The centaur barely misses you. The centaur misses you.
You hit the centaur.
The centaur is heavily wounded.
The centaur drinks a potion.
The centaur is healed!
You sock the centaur!
The centaur is severely wounded.
The centaur hits you but does no damage.
The centaur hits you.
* * * LOW HITPOINT WARNING * * *
You barely miss the centaur.
The centaur is severely wounded.
The centaur closely misses you.
You closely miss the centaur.
The centaur is severely wounded.
The centaur hits you!
* * * LOW HITPOINT WARNING * * *
The centaur hits you.
You die...

# #. #....# #.#.
#.#..####
#.#.#.#####........
.........[).......
.#....)))...###. #
#..........#
#$##.........#
.$#............##
........@........
..#####c###.#..###
. #.# #.#...# #..
.$##..# #.# #?# ...
#..


You could see a centaur.

Vanquished Creatures
  An orc warrior (D:7)
  A centaur (D:7)
  An orc priest (D:7)
  A hound skeleton (D:4)
  4 gnolls (D:2)
  An adder (D:2)
  2 worms (D:2)
  A dart slug (D:3)
  4 leopard geckos
  4 orcs
  7 bats
  5 giant cockroaches
  5 goblins
  7 hobgoblins
  4 jackals (D:2)
  8 kobolds
  2 quokkas
  3 ball pythons
  6 frilled lizards
  7 rats
74 creatures vanquished.

Vanquished Creatures (others)
  A plant (D:1)
1 creature vanquished.

Grand Total: 75 creatures vanquished

Notes
Turn   | Place    | Note
-------+----------+-------------------------------------------
     0 | D:1      | Allula97 the Demonspawn Gladiator began the quest for the
                  | Orb.
     0 | D:1      | Reached XP level 1. HP: 16/16 MP: 1/1
   276 | D:1      | Gained mutation: You have a pair of small antennae on your
                  | head. [demonic ancestry]
   276 | D:1      | Reached XP level 2. HP: 22/22 MP: 2/2
   304 | D:1      | Reached skill level 3 in Staves
  1309 | D:2      | Reached XP level 3. HP: 24/27 MP: 3/3
  1503 | D:2      | Found a shimmering blue altar of Sif Muna.
  1508 | D:2      | Found a hide-covered altar of Uskayaw.
  1585 | D:2      | Reached skill level 1 in Armour
  1600 | D:2      | Reached XP level 4. HP: 15/33 MP: 4/4
  2314 | D:3      | Learned a level 1 spell: Animate Skeleton
  2318 | D:3      | Learned a level 3 spell: Vampiric Draining
  2734 | D:2      | Reached skill level 1 in Spellcasting
  3381 | D:4      | Reached skill level 1 in Stealth
  3381 | D:4      | Reached XP level 5. HP: 39/39 MP: 6/6
  3444 | D:4      | You fall into a shaft and drop 3 floors!
  3444 | D:7      | Noticed a centaur
  3444 | D:7      | Noticed an orc warrior
  3456 | D:7      | Killed an orc warrior
  3457 | D:7      | Reached skill level 4 in Staves
  3457 | D:7      | Reached skill level 1 in Necromancy
  3459 | D:7      | Killed a centaur
  3460 | D:7      | Gained mutation: You regenerate magic rapidly. [demonic
                  | ancestry]
  3460 | D:7      | Reached XP level 6. HP: 8/46 MP: 8/8
  3537 | D:7      | HP: 1/46 [centaur (7)]
  3537 | D:7      | Slain by a centaur

Illustrated notes

Levels and vault maps discovered:
D:1:      lightli_arrival_statuegarden, layout_loops_corners
D:2:      layout_loops_ring, minitemple
D:3:      layout_rooms
D:4:      layout_layer_cave, nicolae_dithmenos_shadow_blocks,
          minmay_temple_entry_sparse_star
D:7:      layout_basic, serial_shops, shop, chequers_decorated_corner

Skill      XL: |  1  2  3  4  5 |
---------------+----------------+-----
Staves         | 3 4 |  4.4
Dodging        | 3 |  3.4
Armour         | 1 |  1.9
Spellcasting   | 1 |  1.5
Stealth        | 1 |  1.4
Necromancy     | 1 |  1.2
Fighting       | |  2.9
Throwing       | |  1.7

Action                   |  1- 3 |  4- 6 || total
-------------------------+-------+-------++-------
Melee: Quarterstaff      |    85 |   127 ||   212
Throw: Throwing net      |       |     3 ||     3
  Use: Potion            |     2 |     2 ||     4
 Stab: Sleeping          |     1 |     1 ||     2
Armor: Leather armour    |    28 |       ||    28
       Ring mail         |     5 |    44 ||    49
Dodge: Dodged            |    60 |    88 ||   148

Table legend: (Time is in decaauts)
 A = Elapsed time spent in this place.
 B = Non-inter-level travel time spent in this place.
 C = Inter-level travel time spent in this place.
 D = Time resting spent in this place.
 E = Time spent auto-exploring this place.
 F = Levels seen in this place.
 G = Mean time per level.
                   A        B        C        D        E       F      G
               +--------+--------+--------+--------+--------+-----+--------+
         Total |   3567 |   3423 |    144 |    242 |   2358 |   5 |  713.4 |
       Dungeon |   3567 |   3423 |    144 |    242 |   2358 |   5 |  713.4 |
               +--------+--------+--------+--------+--------+-----+--------+

Top non-repeatable levels by time:
     D:1: 1305 daAuts
     D:2: 1163 daAuts
     D:3: 905 daAuts
     D:7: 99 daAuts
     D:4: 93 daAuts
